 Dungeon Crawl Stone Soup version 0.22-a0-283-g1871b15 (webtiles) character file.

545 Amnesiac the Zephyrmancer (level 7, -8/36 HPs)
             Began as a Tengu Air Elementalist on Mar 20, 2018.
             Was an Initiate of Sif Muna.
             Mangled by a troll (12 damage)
             ... on level 6 of the Dungeon.
             The game lasted 00:07:58 (3844 turns).

Amnesiac the Zephyrmancer (Tengu Air Elementalist)  Turns: 3844, Time: 00:07:58

Health: -8/36      AC:  2    Str:  9    XL:     7   Next: 27%
Magic:  6/15       EV: 15    Int: 17    God:    Sif Muna [......]
Gold:   210        SH:  0    Dex: 14    Spells: 8/16 levels left

rFire    . . .     SeeInvis .   l - +2 quarterstaff (chaos)
rCold    . . .     Gourm    .   (shield currently unavailable)
rNeg     . . .     Faith    .   a - +0 robe
rPois    .         Spirit   .   (helmet restricted)
rElec    .         Reflect  .   h - +0 cloak
rCorr    .         Harm     .   (no gloves)
MR       .....                  (boots unavailable)
Stlth    ++........             (no amulet)
HPRegen  0.12/turn              (no ring)
MPRegen  0.14/turn              (no ring)

@: lethally poisoned (-8 -> -12), flying quickly and evasively (expiring), quick
A: antennae 1, beak, talons 3, deformed body, wild magic 1, able to fly 1
a: Renounce Religion


You were on level 6 of the Dungeon.
You worshipped Sif Muna.
Sif Muna was noncommittal.
You were not hungry.

You visited 2 branches of the dungeon, and saw 6 of its levels.

You collected 210 gold pieces.

Inventory:

Hand Weapons
 l - a +2 quarterstaff of chaos (weapon)
Armour
 a - a +0 robe (worn)
 h - a +0 cloak (worn)
Scrolls
 b - a scroll of enchant weapon {!r, unknown}
 d - a scroll of fog {!r, unknown}
 i - 3 scrolls of remove curse {!r, unknown}
 j - a scroll of magic mapping {!r, unknown}
 m - 2 scrolls of teleportation {!r, unknown}
 n - a scroll of amnesia {!r, unknown}
 r - a scroll of noise {!r, unknown}
 t - a scroll of fear {!r, unknown}
Potions
 e - 2 potions of haste {!q, unknown}
 f - a potion of might {!q, unknown}
 k - 3 potions of curing {!q}
 p - a potion of lignification {!q}
 s - a potion of mutation {!q}
Comestibles
 c - 5 rations
 q - 5 chunks of flesh


   Skills:
 - Level 2.1 Dodging
 - Level 2.0 Stealth
 + Level 5.2 Spellcasting
 - Level 1.3 Conjurations
 - Level 8.0 Air Magic


You had 8 spell levels left.
You knew the following spells:

 Your Spells              Type           Power        Failure   Level  Hunger
a - Shock                 Conj/Air       ####         3%          1    None
d - Airstrike             Air            #####.....   8%          4    ####...
r - Regeneration          Chrm/Necr      #.........   47%         3    ###....


Dungeon Overview and Level Annotations

Branches:
Dungeon (4/15)             Temple (1/1) D:4

Altars:
Dithmenos
Fedhas
Gozag
Kikubaaqudgha
Makhleb
Nemelex Xobeh
Qazlal
Ru
Sif Muna
Trog
Vehumet
Yredelemnul
The Shining One


Innate Abilities, Weirdness & Mutations

You have a beak for a mouth.
You have claws for feet.
You can fly.
You have a pair of small antennae on your head.
Armour fits poorly on your strangely shaped body.
Your spells are a little harder to cast, but a little more powerful.


Message History

An orc priest is nearby!
Casting: Shock (safe; 3% risk of failure)
Confirm with . or Enter, or press ? or * to list all spells.
Aiming: Airstrike (safe; 9% risk of failure)
Press: ? - help, Dir - move target cursor, f - orc priest
Aim: an orc priest, wielding a hand axe The air twists around and strikes the orc priest!
The orc priest is heavily wounded.
You hear a shout! x2
A troll comes into view.
Casting: Airstrike (safe; 9% risk of failure)
Confirm with . or Enter, or press ? or * to list all spells.
Aiming: Airstrike (safe; 9% risk of failure)
Press: ? - help, Dir - move target cursor, f/p - orc priest
Aim: an orc priest, wielding a hand axe (heavily wounded)
The air twists around and strikes the orc priest!
You kill the orc priest!
Sif Muna accepts your kill.
Your Spellcasting skill increases to level 5!
You see here a quarterstaff.
You swoop lightly up into the air.
You feel very comfortable in the air.
You feel somewhat more hungry.
You are no longer corroded.
Found a trident.
An orc priest comes into view. It is wielding a dagger of venom.
You hit the orc priest. You claw the orc priest.
The orc priest is heavily wounded.
The orc priest misses you.
The orc priest invokes the aid of Beogh against you.
You struggle to resist.
You closely miss the orc priest. You peck the orc priest.
The orc priest is heavily wounded.
You are starting to lose your buoyancy.
The orc priest hits you with a dagger of venom.
You are poisoned.
You thump the orc priest! You freeze the orc priest.
You kill the orc priest!
Sif Muna accepts your kill.
You feel sick.
An orc wizard comes into view.
It is wielding a falchion. 3 orcs come into view.
An orc is wielding a dagger of speed.
You feel sick.
The orc shouts! x2; You hear a howl!
Found a chunk of flesh.
Things that are here:
a dagger of venom; an orc corpse
Okay, then.
Okay, then.
The orc shouts!
You sock the orc! You freeze the orc.
You kill the orc!
Sif Muna accepts your kill.
You feel sick.
You hear a shout!
You hear a bark!
The orc wizard hits you with a falchion.
The troll bites you!!
Ouch! That really hurt!
* * * LOW HITPOINT WARNING * * *
The troll closely misses you. The troll claws you but does no damage.
Really quaff
g - a potion of heal wounds {!q}?
You feel much better. The orc wizard barely misses you. The troll bites you!
* * * LOW HITPOINT WARNING * * *
The troll claws you!
You die...

....... .......
.....%. ..o...h
..o.... #
....... .)
#####)...... ...
#.
#..T@o........
#.
#.#########.#...
#)####.#
#.)).....
#.#....# #.#
#.#.#### ##)#
#.#.# ##T.#
##...# #..##
#...## ####.##
#.#T# #....#


You could see a troll, a howler monkey (wandering), an orc wizard and 2 orcs.

Vanquished Creatures
  Edmund (D:6)
  Crazy Yiuf (D:2)
  A centaur skeleton (D:4)
  A jelly (D:6)
  3 orc priests (D:6)
  An orc wizard (D:3)
  Ijyb (D:3)
  Natasha (thrice) (D:4)
  2 adders (D:3)
  4 gnolls (D:3)
  An ooze (D:1)
  2 dart slugs
  A leopard gecko (D:1)
  15 orcs
  2 giant cockroaches
  6 goblins
  7 hobgoblins
  2 quokkas
  A ball python (D:1)
  6 bats
  5 frilled lizards
  9 kobolds
  8 rats
83 creatures vanquished.

Notes
Turn   | Place    | Note
-------+----------+-------------------------------------------
     0 | D:1      | Amnesiac the Tengu Air Elementalist began the quest for the Orb.
     0 | D:1      | Reached XP level 1. HP: 10/10 MP: 4/4
   174 | D:1      | Reached XP level 2. HP: 12/15 MP: 6/6
   488 | D:1      | Reached skill level 5 in Air Magic
   504 | D:1      | Reached XP level 3. HP: 12/19 MP: 7/7
  1028 | D:2      | Found a runed door.
  1402 | D:2      | Gained mutation: Armour fits poorly on your strangely shaped body. [potion of mutation]
  1402 | D:2      | Gained mutation: You have a pair of small antennae on your head. [potion of mutation]
  1402 | D:2      | Gained mutation: Your spells are a little harder to cast, but a little more powerful. [potion of mutation]
  1403 | D:2      | Noticed Crazy Yiuf
  1409 | D:2      | Killed Crazy Yiuf
  1409 | D:2      | Reached XP level 4. HP: 10/24 MP: 2/9
  1504 | D:2      | Learned a level 4 spell: Airstrike
  1634 | D:3      | Noticed Ijyb
  1639 | D:3      | Killed Ijyb
  1639 | D:3      | Reached skill level 6 in Air Magic
  1725 | D:3      | Found a faded altar of an unknown god.
  1910 | D:3      | Gained mutation: You can fly. [Tengu growth]
  1910 | D:3      | Reached XP level 5. HP: 28/28 MP: 10/10
  2487 | D:3      | Reached skill level 7 in Air Magic
  2713 | D:3      | Reached XP level 6. HP: 17/32 MP: 9/12
  2721 | D:3      | Learned a level 3 spell: Regeneration
  3242 | D:4      | Noticed Natasha
  3245 | D:4      | Killed Natasha
  3293 | D:4      | Noticed Natasha
  3296 | D:4      | Killed Natasha
  3315 | D:4      | Noticed Natasha
  3322 | D:4      | Killed Natasha
  3322 | D:4      | Reached skill level 8 in Air Magic
  3541 | D:4      | Found a staircase to the Ecumenical Temple.
  3566 | Temple   | Entered the Ecumenical Temple
  3588 | Temple   | Became a worshipper of Sif Muna the Loreminder
  3671 | D:4      | You fall through a shaft for 2 floors!
  3679 | D:6      | Noticed Edmund
  3692 | D:6      | Killed Edmund
  3789 | D:6      | Reached XP level 7. HP: 36/36 MP: 13/15
  3808 | D:6      | Noticed a troll
  3808 | D:6      | Reached skill level 5 in Spellcasting
  3843 | D:6      | HP: 1/36 [troll (19)]
  3844 | D:6      | Mangled by a troll

Vault maps used:
D:1:      dpeg_arrival_subterranean_lakeside_camping, hex_tiny
D:2:      first_ration, grunt_decor_one_mirror, uniq_crazy_yiuf_cottage
D:3:      chequers_ecumenical_altar_island, serial_forest,
          infiniplex_forest_corner_1, infiniplex_forest_clump_medium,
          infiniplex_forest_clump_large, infiniplex_forest_lined_room_,
          infiniplex_forest_end_double, infiniplex_forest_clump_diagonal,
          uniq_ijyb
D:4:      lemuel_doored_altar, minmay_temple_entry_purple_smoke, uniq_natasha
D:6:      bh_walls_and_bars, uniq_edmund, uniq_grinder
Temple:   grunt_wide_crystal_templ

Skill      XL: |  1  2  3  4  5  6  7 |
---------------+----------------------+-----
Air Magic      | 5 6 7 8 |  8.0
Spellcasting   | 3 4 5 |  5.2
Dodging        | |  2.1
Stealth        | |  2.0
Conjurations   | |  1.3

Action                   |  1- 3 |  4- 6 |  7- 9 || total
-------------------------+-------+-------+-------++-------
Melee: Dagger            |    75 |       |       ||    75
       Peck              |    12 |     4 |     1 ||    17
       Kick              |    12 |    11 |     1 ||    24
       Quarterstaff      |       |    46 |     4 ||    50
 Cast: Shock             |    18 |    50 |     3 ||    71
       Airstrike         |       |     7 |     2 ||     9
 Abil: Fly               |       |     3 |     1 ||     4
Evoke: Wand              |       |     9 |     4 ||    13
  Use: Scroll            |     3 |     2 |       ||     5
       Potion            |     1 |       |     1 ||     2
 Stab: Sleeping          |     6 |     2 |       ||     8
       Paralysed         |       |     1 |       ||     1
  Eat: Chunk             |     2 |     6 |       ||     8
       Ration            |       |     1 |       ||     1
Armor: Robe              |    21 |    14 |     1 ||    36
Dodge: Dodged            |    45 |    38 |     3 ||    86

Table legend:
 A = Spawn XP
 B = Non-spawn XP
 C = Spawn XP percentage of total XP
 D = Spawn monster count
 E = Non-spawn monster count
 F = Spawn count percentage of total count
 G = Total turns spent on level
                    A         B        C        D         E        F      G
               +---------+---------+-------+---------+---------+-------+---------
         Total |       0 |     779 |   0.0 |       0 |      83 |   0.0 |  3844
               +---------+---------+-------+---------+---------+-------+---------
           D:1 |       0 |      52 |   0.0 |       0 |      30 |   0.0 |   947
           D:2 |       0 |      50 |   0.0 |       0 |       7 |   0.0 |   558
           D:3 |       0 |     214 |   0.0 |       0 |      31 |   0.0 |  1652
           D:4 |       0 |     151 |   0.0 |       0 |       7 |   0.0 |   482
           D:6 |       0 |     312 |   0.0 |       0 |       8 |   0.0 |   173
               +---------+---------+-------+---------+---------+-------+---------
